 Dungeon Crawl Stone Soup version 0.26.1-11-gd32895ea62 (webtiles) character file.

Game seed: 15897969281854885847

94 raph the Grave Robber (level 4, -4/30 HPs)
             Began as a Human Necromancer on May 5, 2021.
             Slain by a gnoll
             ... wielding a +0 spear
              (10 damage)
             ... on level 2 of the Dungeon.
             The game lasted 00:03:31 (2201 turns).

raph the Grave Robber (Human Necromancer)           Turns: 2201, Time: 00:03:31

Health: -4/30      AC:  2    Str:  8    XL:     4   Next: 94%
Magic:  2/7        EV: 12    Int: 17    God:
Gold:   43         SH:  0    Dex: 13    Spells: 2/7 levels left

rFire    . . .     SeeInvis .   d - +0 whip
rCold    . . .     Faith    .   (no shield)
rNeg     . . .     Spirit   .   a - +0 robe
rPois    .         Reflect  .   (no helmet)
rElec    .         Harm     .   (no cloak)
rCorr    .         Rampage  .   (no gloves)
Will     +....                  (no boots)
Stlth    ++........             (no amulet)
HPRegen  0.10/turn              c - ring of willpower
MPRegen  0.10/turn              (no ring)

@: no status effects
A: no striking features
a: no special abilities


You were on level 2 of the Dungeon.
You visited 1 branch of the dungeon, and saw 2 of its levels.

You collected 43 gold pieces.

Inventory:

Hand Weapons
 d - a +0 whip (weapon)
Missiles
 k - 34 poisoned darts
Armour
 a - a +0 robe (worn)
Jewellery
 c - a ring of willpower (left hand)
Scrolls
 f - a scroll of immolation {unknown}
 g - a scroll of teleportation {unknown}
 i - 3 scrolls of remove curse {unknown}
 l - a scroll of blinking {unknown}
Potions
 b - a potion of lignification
 e - a potion of curing {unknown}
 h - 2 potions of magic {unknown}
 j - a potion of haste {unknown}


   Skills:
 - Level 2.0 Dodging
 - Level 2.0 Stealth
 - Level 2.0 Spellcasting
 + Level 5.9 Necromancy


You had 2 spell levels left.
You knew the following spells:

 Your Spells              Type           Power        Failure   Level
a - Pain                  Necr           84%          1%          1
b - Animate Skeleton      Necr           42%          1%          1
c - Vampiric Draining     Necr           10%          4%          3

Your spell library contained the following spells:

 Spells                   Type           Power        Failure   Level
 Animate Dead             Necr           10%          17%         4
 Agony                    Necr           21%          43%         5


Dungeon Overview and Level Annotations

Branches:
Dungeon (2/15)

Altars:


Message History

Confirm with . or Enter, or press ? or * to list all spells.
Aiming: Pain (safe; 1% risk of failure)
Press: ? - help, Shift-Dir - straight line, f/p - gnoll
Aim: a gnoll, wielding a +0 spear (chance to affect: 86%)
The gnoll writhes in agony.
The gnoll hits you from afar with a +0 spear.
Casting: Pain (safe; 1% risk of failure)
Confirm with . or Enter, or press ? or * to list all spells.
Aiming: Pain (safe; 1% risk of failure)
Press: ? - help, Shift-Dir - straight line, f/p - gnoll
Aim: a gnoll, wielding a +0 spear (moderately wounded, chance to affect: 86%)
The gnoll writhes in agony.
The gnoll hits you from afar with a +0 spear!
* * * LOW HITPOINT WARNING * * *
The gnoll hits you from afar with a +0 spear.
* * * LOW HITPOINT WARNING * * *
There is an open door here.
There is a stone staircase leading up here.
The gnoll hits you from afar with a +0 spear!
You die...

.....# #†#...# .....#
##########.....# .....#
#...[.....#....#
.....###.#######[#....#
....)...(..# #.##...#
...........#####+##..##
...........#.........##.#
...........#............#
.##........#....@.....###
.##........##.g.......#
...#####....'..........#
...# ########........#.#
...# .......'............
..[# ...#####........#...
#.## #........#.. #.#
########## #.#


You could see a gnoll.

Vanquished Creatures
  A worker ant (D:2)
  A gnoll (D:2)
  2 adders (D:2)
  2 leopard geckos (D:1)
  A ball python (D:2)
  A giant cockroach (D:1)
  5 goblins
  2 hobgoblins
  7 jackals
  A quokka (D:2)
  5 bats
  2 frilled lizards (D:1)
  3 kobolds
  7 rats
40 creatures vanquished.

Vanquished Creatures (others)
  2 plants (D:1)
2 creatures vanquished.

Grand Total: 42 creatures vanquished

Notes
Turn   | Place    | Note
-------+----------+-------------------------------------------
     0 | D:1      | raph the Human Necromancer began the quest for the Orb.
     0 | D:1      | Reached XP level 1. HP: 13/13 MP: 3/3
    42 | D:1      | Learned a level 1 spell: Animate Skeleton
   316 | D:1      | Reached XP level 2. HP: 18/19 MP: 3/5
   699 | D:1      | Reached XP level 3. HP: 18/24 MP: 1/6
  1409 | D:2      | Reached skill level 5 in Necromancy
  1413 | D:2      | Learned a level 3 spell: Vampiric Draining
  1448 | D:2      | Reached XP level 4. HP: 23/30 MP: 0/7
  2201 | D:2      | Slain by a gnoll

Illustrated notes

Levels and vault maps discovered:
D:1:      elethiomel_arrival_shortcut, layout_basic, serial_glass,
          glass_columns_a, glass_columns_a, glass_columns_b, glass_columns_a,
          serial_bayou_lagoon_a
D:2:      layout_basic

Skill      XL: |  1  2  3 |
---------------+----------+-----
Necromancy     | 5 |  5.9
Dodging        | |  2.0
Stealth        | |  2.0
Spellcasting   | |  2.0

Action                   |  1- 3 |  4- 6 || total
-------------------------+-------+-------++-------
Melee: Whip              |     5 |     1 ||     6
 Cast: Pain              |    44 |    28 ||    72
       Animate Skeleton  |     4 |       ||     4
       Vampiric Draining |       |     1 ||     1
  Use: Potion            |     1 |       ||     1
Armor: Robe              |     4 |     3 ||     7
       Skin              |     2 |       ||     2
Dodge: Dodged            |    12 |    10 ||    22
